 Dungeon Crawl Stone Soup version 0.17-a0-1129-g5854844 (webtiles) character file.

17 RobertPalmer the Chopper (level 2, 0/24 HPs)
             Began as a Human Chaos Knight on May 24, 2015.
             Slain by a kobold (3 damage)
             ... on level 2 of the Dungeon.
             The game lasted 00:00:57 (557 turns).

RobertPalmer the Chopper (Human Chaos Knight)        Turns: 557, Time: 00:00:58

Health: 0/24       AC:  5    Str: 12      XL:     2   Next: 80%
Magic:  2/2        EV: 11    Int: 12      God:    Xom [*.....]
Gold:   13         SH:  0    Dex: 11 (12) Spells: 0 memorised, 1 level left

rFire  . . .     SeeInvis .     a - +0 hand axe (chaos)
rCold  . . .     Clarity  .     b - +2 leather armour
rNeg   . . .     SustAt   .     (no shield)
rPois  .         Gourm    .     (no helmet)
rElec  .         Spirit   .     (no cloak)
rCorr  .         Warding  .     (no gloves)
rMut   .         Stasis   .     (no boots)
MR     .....                    (no amulet)
Stlth  +.........               (no ring)
                                (no ring)

@: not resistant to hostile enchantments, very unstealthy
A: no striking features
a: Renounce Religion


You were on level 2 of the Dungeon.
You worshipped Xom.
You were a special plaything of Xom.
You were not hungry.

You visited 1 branch of the dungeon, and saw 2 of its levels.

You collected 13 gold pieces.

Inventory:

Hand weapons
 a - a +0 hand axe of chaos (weapon)
Armour
 b - a +2 leather armour (worn)
Comestibles
 c - a bread ration {@e1}


   Skills:
 - Level 3.0 Fighting
 + Level 3.9 Axes
 - Level 2.0 Armour
 - Level 1.0 Dodging


You had one spell level left.
You didn't know any spells.

Dungeon Overview and Level Annotations

Branches:
Dungeon (2/15)

Altars:


Message History

The quasit barely misses you.
You hit the quasit. The quasit bites you. The quasit barely misses you.
The quasit claws you but does no damage.
You take 1 damage, and have 21/24 hp.
You hit the quasit but do no damage. The quasit misses you.
The quasit barely misses you.
The quasit claws you but does no damage.
The quasit barely misses you.
The quasit claws you but does no damage.
The quasit claws you.
You take 1 damage, and have 20/24 hp.
You closely miss the quasit.
The quasit bites you but does no damage.
The quasit claws you but does no damage.
The quasit claws you.
You take 1 damage, and have 19/24 hp.
You closely miss the quasit. The quasit barely misses you.
The quasit barely misses you.
The quasit claws you but does no damage.
The quasit closely misses you. The quasit claws you.
The quasit claws you but does no damage.
You take 2 damage, and have 17/24 hp.
You closely miss the quasit. The quasit closely misses you.
The quasit barely misses you. x2
Your leather armour prevents you from hitting the quasit.
The quasit barely misses you.
The quasit claws you but does no damage. x2
The quasit bites you but does no damage.
The quasit closely misses you.
The quasit claws you but does no damage.
You closely miss the quasit. The quasit misses you.
The quasit completely misses you.
The quasit claws you but does no damage.
You aren't carrying any potions.
Unknown command.
Unknown command.
A bat comes into view.
You see here a goblin corpse.
A giant newt comes into view.
The bat barely misses you. The quasit bites you. The quasit misses you.
The quasit claws you but does no damage.
You take 2 damage, and have 15/24 hp.
The bat barely misses you.
Found a stone staircase leading down.
You aren't carrying any spellbooks or scrolls.
Unknown command.
The bat barely misses you.
The giant newt bites you but does no damage.
The quasit bites you but does no damage.
The quasit misses you. The quasit closely misses you.
The bat barely misses you. The giant newt closely misses you.
The giant newt bites you. The bat closely misses you.
You take 2 damage, and have 13/24 hp.
The bat barely misses you. The bat closely misses you. The quasit bites you.
The quasit closely misses you. The quasit claws you.
You feel clumsy.
You take 3 damage, and have 10/24 hp.
The bat completely misses you.
You aren't carrying any potions.
Unknown command.
The bat barely misses you. The bat hits you but does no damage.
There is a stone staircase leading down here.
The bat hits you but does no damage. x2
You climb downwards.
A giant cockroach and a kobold come into view.
The kobold shouts!
Found a helmet.
Found a stone staircase leading down.
There is a stone staircase leading up here.
You are too injured to fight recklessly!
You are too injured to fight recklessly!
You completely miss the bat. The bat hits you but does no damage.
The bat barely misses you.
You barely miss the bat. The bat hits you but does no damage.
The bat closely misses you.
Your leather armour prevents you from hitting the kobold.
You hit the giant cockroach.
The giant cockroach flickers and vanishes!
Deactivating autopickup; reactivate with Ctrl-A.
The bat hits you but does no damage. Something bites you.
The bat barely misses you. The kobold hits you but does no damage.
You take 1 damage, and have 9/24 hp.
You barely miss the kobold. You hit the bat.
You kill the bat!
You closely miss something. Something bites you but does no damage.
The kobold closely misses you. Something bites you but does no damage.
You completely miss the kobold. You barely miss something.
The kobold barely misses you. Something bites you.
You take 1 damage, and have 8/24 hp.
You hit something.
There is a sudden explosion of sparks!
Reactivating autopickup.
You feel a bit more experienced.
You hit the kobold but do no damage. The kobold hits you.
* * * LOW HITPOINT WARNING * * *
You take 3 damage, and have 5/24 hp.
You barely miss the kobold. The kobold closely misses you.
You hit the kobold. You burn the kobold. The kobold hits you.
* * * LOW HITPOINT WARNING * * *
The kobold hits you.
You die...
Xom yawns loudly!

...###
.....
.... >..
###..
...####.#
#†.....[.
#@K#
#.†.....#
##.#...##
.. #..#
..# #..
...# .#
..... .
##....


You could see a kobold.

Vanquished Creatures
  A ball python (D:1)
  A giant cockroach (D:2)
  3 hobgoblins (D:1)
  3 kobolds (D:1)
  3 bats
  A giant newt (D:1)
  3 goblins (D:1)
  2 rats (D:1)
17 creatures vanquished.

Notes
Turn   | Place    | Note
--------------------------------------------------------------
     0 | D:1      | RobertPalmer the Human Chaos Knight began the quest for the Orb.
     0 | D:1      | Reached XP level 1. HP: 18/18 MP: 1/1
   153 | D:1      | XOM: harmless Ice miscast
   257 | D:1      | Reached XP level 2. HP: 24/24 MP: 2/2
   384 | D:1      | XOM: harmless Erth miscast
   484 | D:1      | XOM: mild Tloc miscast
   522 | D:1      | XOM: summons 1 hostile demon
   555 | D:2      | HP: 5/24 [kobold (3)]
   557 | D:2      | Slain by a kobold

Vault maps used:
D:1:      evilmike_arrival_crescent
D:2:      first_bread, minmay_strange_pillars, kennysheep_generic_room_2

Action                   || total
-------------------------++-------
Melee: Hand axe          ||    57

Vault maps used:
D:1:      evilmike_arrival_crescent
D:2:      first_bread, minmay_strange_pillars, kennysheep_generic_room_2

Table legend:
 A = Turns spent in this place as a percentage of turns spent in the entire game.
 B = Non-inter-level travel turns spent in this place as a percentage of non-inter-level travel turns spent in the entire game.
 C = Inter-level travel turns spent in this place as a percentage of turns spent in this place.
 D = Turns resting spent in this place as a percentage of non-inter-level travel turns spent in this place.
 E = Turns spent auto-exploring this place as a percentage of non-inter-level travel turns spent in this place.
 F = Non-inter-level travel turns spent in this place divided by the number of levels of this place that you've seen.
                   A       B       C       D       E      F
               +-------+-------+-------+-------+-------+----------------------
         Total | 100.0 | 100.0 |   0.0 |   3.3 |   9.3 |  91.5
       Dungeon | 100.0 | 100.0 |   0.0 |   3.3 |   9.3 |  91.5
               +-------+-------+-------+-------+-------+----------------------

Table legend:
 A = Kills in this place as a percentage of kills in entire the game.
 B = Kills by you in this place as a percentage of kills by you in the entire game.
 C = Kills by friends in this place as a percentage of kills by friends in the entire game.
 D = Other kills in this place as a percentage of other kills in the entire game.
 E = Experience gained in this place as a percentage of experience gained in the entire game.
 F = Experience gained in this place divided by the number of levels of this place that you have seen.
                   A       B       C       D       E      F
               +-------+-------+-------+-------+-------+----------------------
         Total | 100.0 | 100.0 |  -nan |  -nan | 100.0 |  12.5
       Dungeon | 100.0 | 100.0 |  -nan |  -nan | 100.0 |  12.5
               +-------+-------+-------+-------+-------+----------------------
